[ AOE2 MATCH · #506820921 ]
UnrankedVietnamese vs Bohemians
Player's team · WIN
Rival team · LOSS
[ REPLAY ANALYSIS · EXTRACTED FROM THE RECORDED GAME ]
Feudal
10:58
Castle
25:19
Imperial
42:42
| APM avg | 58.3 |
| APM peak | 108 |
| eAPM avg | 22.7 |
| Villagers / military | 109 / 69 |
Focus
⚔️ 39.7% · 🌾 60.3%
Skirmisher ×53 · Archer ×9 · Knight ×4 · Mangonel ×2 · Spearman ×1 · Trade Cart ×1
Feudal
9:49
Castle
24:35
Imperial
—
| APM avg | 42.2 |
| APM peak | 83 |
| eAPM avg | 18.1 |
| Villagers / military | 112 / 88 |
Focus
⚔️ 36.5% · 🌾 63.5%
Skirmisher ×63 · Hussite Wagon ×22 · Archer ×2 · Battering Ram ×1
Match map
Initial resources + every placement click. Lines = walls · curves = elevation contours. ◆ gold · ⬟ stone · ● berries · ✦ relic · ◌ wall gap
Your base· Open — 5t gap
GANZ's base· Open — 2t gap
Smoothed initial terrain · ◌ = detected wall gap · hover for details
Inputs per minute
— maxymczech - - GANZ
Build order — maxymczech
First 150 of 302 actions detected
| 0:00 | Create | Villager (Male) |
| 0:02 | Build | House |
| 0:04 | Build | House |
| 0:15 | Research | Loom |
| 0:16 | Create | Villager (Male) ×3 |
| 1:37 | Create | Villager (Male) |
| 2:09 | Create | Villager (Male) |
| 2:09 | Create | Villager (Male) |
| 2:17 | Build | Palisade Wall |
| 2:20 | Build | Palisade Wall |
| 2:22 | Build | Palisade Wall |
| 2:23 | Build | Palisade Wall |
| 2:27 | Build | Palisade Wall |
| 2:31 | Create | Villager (Male) |
| 2:31 | Create | Villager (Male) |
| 2:33 | Build | Lumber Camp |
| 3:05 | Create | Villager (Male) |
| 3:06 | Build | House |
| 3:18 | Create | Villager (Male) |
| 3:45 | Create | Villager (Male) |
| 4:01 | Create | Villager (Male) |
| 4:27 | Create | Villager (Male) |
| 5:28 | Create | Villager (Male) |
| 5:29 | Create | Villager (Male) |
| 5:29 | Create | Villager (Male) |
| 5:49 | Build | Mill |
| 6:04 | Create | Villager (Male) |
| 6:07 | Build | House |
| 6:08 | Build | House |
| 6:46 | Create | Villager (Male) |
| 7:02 | Create | Villager (Male) |
| 7:43 | Create | Villager (Male) |
| 8:10 | Build | Palisade Wall |
| 8:17 | Create | Villager (Male) |
| 8:26 | Build | Palisade Wall |
| 8:31 | Build | Palisade Wall |
| 8:35 | Build | Palisade Wall |
| 8:37 | Research | Feudal Age |
| 8:38 | Research | Feudal Age |
| 8:42 | Build | Palisade Wall |
| 8:45 | Build | Palisade Wall |
| 8:49 | Build | Palisade Wall |
| 9:06 | Create | Villager (Male) |
| 9:14 | Build | Mining Camp |
| 9:33 | Build | Barracks |
| 9:45 | Create | Villager (Male) |
| 9:53 | Build | Palisade Wall |
| 9:54 | Build | Palisade Wall |
| 9:55 | Build | Palisade Wall |
| 9:56 | Build | Palisade Wall |
| 9:56 | Build | Palisade Wall |
| 9:57 | Build | Palisade Wall |
| 9:59 | Build | Palisade Wall |
| 10:03 | Build | Palisade Wall |
| 10:04 | Build | Palisade Wall |
| 10:05 | Build | Palisade Wall |
| 10:08 | Build | Palisade Wall |
| 10:09 | Build | Palisade Wall |
| 10:09 | Build | Palisade Wall |
| 10:10 | Build | Palisade Wall |
| 10:30 | Build | House |
| 10:40 | Build | Palisade Wall |
| 10:41 | Build | Palisade Wall |
| 10:49 | Build | House |
| 10:50 | Create | Villager (Male) |
| 10:58 | Age | Feudal Age |
| 11:03 | Build | Watch Tower |
| 11:18 | Create | Villager (Male) |
| 11:21 | Research | Double-Bit Axe |
| 11:37 | Build | House |
| 11:39 | Build | House |
| 11:41 | Build | Palisade Wall |
| 11:42 | Build | Palisade Wall |
| 12:29 | Build | Mining Camp |
| 12:33 | Create | Villager (Male) |
| 12:39 | Create | Villager (Male) |
| 12:49 | Build | Market |
| 12:54 | Create | Villager (Male) |
| 13:26 | Create | Villager (Male) |
| 13:29 | Build | Watch Tower |
| 13:35 | Build | Palisade Wall |
| 13:43 | Build | Palisade Wall |
| 13:56 | Build | Archery Range |
| 14:00 | Build | Archery Range |
| 14:03 | Create | Spearman |
| 14:10 | Research | Town Watch |
| 14:34 | Create | Trade Cart |
| 14:39 | Create | Villager (Male) |
| 14:39 | Create | Villager (Male) |
| 14:41 | Build | Blacksmith |
| 15:05 | Build | Watch Tower |
| 15:20 | Create | Skirmisher |
| 15:20 | Create | Skirmisher |
| 15:27 | Research | Fletching |
| 15:27 | Research | Fletching |
| 15:37 | Create | Villager (Male) |
| 15:43 | Create | Skirmisher |
| 15:47 | Create | Villager (Male) |
| 15:48 | Create | Skirmisher ×2 |
| 16:06 | Create | Villager (Male) |
| 16:08 | Build | Farm |
| 16:14 | Build | House |
| 16:20 | Build | House |
| 16:21 | Build | House |
| 16:47 | Create | Villager (Male) |
| 17:00 | Research | Padded Archer Armor |
| 17:01 | Create | Skirmisher ×2 |
| 17:01 | Create | Skirmisher ×2 |
| 17:06 | Build | House |
| 17:07 | Build | House |
| 17:15 | Build | Farm |
| 17:29 | Create | Archer |
| 17:29 | Create | Archer |
| 17:38 | Create | Villager (Male) |
| 17:40 | Build | Farm |
| 17:42 | Build | Farm |
| 17:46 | Build | Farm |
| 17:52 | Create | Archer |
| 17:52 | Create | Archer |
| 18:31 | Create | Skirmisher |
| 18:31 | Create | Skirmisher |
| 18:49 | Create | Skirmisher |
| 18:52 | Build | Farm |
| 18:52 | Build | Farm |
| 19:37 | Create | Villager (Male) |
| 19:37 | Create | Villager (Male) |
| 20:01 | Create | Skirmisher |
| 20:01 | Create | Skirmisher |
| 20:15 | Create | Skirmisher |
| 20:15 | Create | Skirmisher |
| 20:23 | Create | Archer |
| 20:23 | Create | Skirmisher |
| 21:00 | Build | Watch Tower |
| 21:09 | Build | Farm |
| 21:10 | Build | Farm |
| 21:12 | Build | Lumber Camp |
| 21:16 | Create | Villager (Male) |
| 21:16 | Create | Villager (Male) |
| 21:43 | Build | Mining Camp |
| 22:00 | Create | Villager (Male) |
| 22:29 | Build | Farm |
| 22:33 | Build | Farm |
| 22:39 | Research | Castle Age |
| 22:45 | Create | Archer |
| 22:59 | Build | Palisade Wall |
| 23:07 | Build | Watch Tower |
| 23:22 | Create | Archer |
| 23:23 | Create | Skirmisher |
| 23:27 | Build | Farm |
| 23:32 | Research | Horse Collar |
Build order — GANZ
First 150 of 299 actions detected
| 0:01 | Create | Villager (Male) |
| 0:01 | Create | Villager (Male) |
| 0:03 | Build | House |
| 0:05 | Build | House |
| 0:18 | Create | Villager (Male) |
| 0:18 | Create | Villager (Male) |
| 1:23 | Create | Villager (Male) |
| 1:43 | Build | Lumber Camp |
| 2:10 | Create | Villager (Male) |
| 2:23 | Create | Villager (Male) |
| 2:56 | Create | Villager (Male) |
| 2:57 | Create | Villager (Male) |
| 3:05 | Research | Loom |
| 3:08 | Create | Villager (Male) |
| 4:09 | Create | Villager (Male) |
| 4:09 | Create | Villager (Male) |
| 4:15 | Build | House |
| 4:36 | Create | Villager (Male) |
| 4:47 | Create | Villager (Male) |
| 5:10 | Build | Mining Camp |
| 6:01 | Create | Villager (Male) |
| 6:02 | Create | Villager (Male) |
| 6:48 | Create | Villager (Male) |
| 7:14 | Create | Villager (Male) |
| 7:39 | Research | Feudal Age |
| 7:58 | Build | Barracks |
| 9:04 | Build | House |
| 9:39 | Create | Villager (Male) |
| 9:49 | Age | Feudal Age |
| 9:52 | Build | Archery Range |
| 9:55 | Create | Villager (Male) |
| 10:02 | Research | Double-Bit Axe |
| 10:07 | Create | Villager (Male) |
| 10:49 | Create | Archer |
| 10:49 | Create | Archer |
| 10:55 | Build | Mill |
| 11:03 | Build | House |
| 11:17 | Create | Villager (Male) |
| 11:31 | Build | House |
| 12:41 | Create | Villager (Male) |
| 12:42 | Create | Villager (Male) |
| 12:44 | Build | Farm |
| 12:44 | Build | Farm |
| 12:44 | Build | Farm |
| 12:44 | Build | Farm |
| 12:45 | Create | Skirmisher |
| 12:45 | Create | Skirmisher |
| 12:46 | Create | Skirmisher |
| 12:50 | Create | Villager (Male) |
| 12:55 | Create | Villager (Male) |
| 12:57 | Build | House |
| 13:01 | Create | Skirmisher |
| 13:03 | Create | Villager (Male) |
| 13:12 | Build | Farm |
| 13:12 | Build | Farm |
| 13:19 | Create | Skirmisher |
| 13:22 | Create | Villager (Male) |
| 13:33 | Build | House |
| 13:46 | Research | Town Watch |
| 13:57 | Create | Skirmisher |
| 13:57 | Create | Skirmisher |
| 13:58 | Create | Villager (Male) |
| 14:10 | Create | Villager (Male) |
| 14:20 | Create | Villager (Male) |
| 14:30 | Build | Watch Tower |
| 14:31 | Create | Villager (Male) |
| 14:35 | Build | Mining Camp |
| 14:40 | Create | Skirmisher |
| 14:45 | Build | Farm |
| 14:45 | Build | Farm |
| 14:45 | Build | Farm |
| 14:48 | Create | Villager (Male) |
| 14:49 | Build | Farm |
| 14:49 | Build | Farm |
| 15:04 | Build | Farm |
| 15:20 | Build | Palisade Wall |
| 15:21 | Build | Palisade Wall |
| 15:22 | Build | Palisade Wall |
| 15:22 | Build | Palisade Wall |
| 15:23 | Build | Palisade Wall |
| 15:24 | Build | Palisade Wall |
| 15:27 | Create | Villager (Male) |
| 15:30 | Build | Blacksmith |
| 15:31 | Create | Villager (Male) |
| 15:48 | Create | Villager (Male) |
| 16:05 | Create | Villager (Male) |
| 16:19 | Create | Skirmisher |
| 16:19 | Create | Skirmisher |
| 16:23 | Research | Padded Archer Armor |
| 16:23 | Research | Padded Archer Armor |
| 16:25 | Create | Villager (Male) |
| 16:26 | Build | Farm |
| 16:27 | Build | Farm |
| 16:27 | Build | Farm |
| 16:32 | Create | Villager (Male) |
| 16:43 | Create | Skirmisher |
| 16:48 | Build | Mining Camp |
| 17:00 | Create | Skirmisher |
| 17:01 | Create | Villager (Male) |
| 17:16 | Research | Fletching |
| 17:28 | Build | Farm |
| 17:28 | Create | Villager (Male) |
| 17:43 | Create | Skirmisher |
| 17:43 | Create | Skirmisher |
| 18:02 | Build | House |
| 18:22 | Create | Skirmisher |
| 18:22 | Create | Skirmisher |
| 18:35 | Create | Skirmisher |
| 18:35 | Create | Skirmisher |
| 18:44 | Create | Skirmisher |
| 18:44 | Create | Skirmisher |
| 18:51 | Create | Villager (Male) |
| 18:58 | Build | Watch Tower |
| 19:15 | Create | Skirmisher |
| 19:15 | Create | Skirmisher |
| 19:25 | Create | Skirmisher |
| 19:25 | Create | Skirmisher |
| 19:32 | Create | Skirmisher |
| 19:33 | Create | Skirmisher |
| 19:35 | Create | Skirmisher |
| 19:35 | Create | Skirmisher |
| 19:38 | Create | Skirmisher |
| 19:38 | Create | Skirmisher |
| 19:49 | Create | Skirmisher |
| 19:49 | Create | Skirmisher |
| 19:53 | Build | Archery Range |
| 19:54 | Create | Skirmisher |
| 19:54 | Create | Skirmisher |
| 20:08 | Create | Skirmisher |
| 20:08 | Create | Skirmisher |
| 20:11 | Create | Skirmisher |
| 20:11 | Create | Skirmisher |
| 20:18 | Create | Villager (Male) |
| 20:46 | Create | Skirmisher |
| 20:46 | Create | Skirmisher |
| 20:59 | Create | Villager (Male) |
| 21:06 | Build | Market |
| 21:08 | Build | House |
| 21:09 | Build | House |
| 21:55 | Research | Castle Age |
| 21:55 | Research | Castle Age |
| 22:10 | Create | Skirmisher |
| 22:42 | Create | Skirmisher |
| 22:42 | Create | Skirmisher |
| 23:15 | Create | Skirmisher |
| 23:15 | Create | Skirmisher |
| 23:15 | Create | Skirmisher |
| 23:29 | Build | Outpost |
| 24:01 | Build | House |
| 24:02 | Build | House |
Match timeline
| 2:17 | maxymczech · wall_segment Palisade Wall x1 |
| 2:20 | maxymczech · wall_segment Palisade Wall x1 |
| 2:22 | maxymczech · wall_segment Palisade Wall x1 |
| 2:23 | maxymczech · wall_segment Palisade Wall x1 |
| 2:27 | maxymczech · wall_segment Palisade Wall x1 |
| 7:58 | GANZ · first_building Barracks |
| 8:10 | maxymczech · wall_segment Palisade Wall x1 |
| 8:26 | maxymczech · wall_segment Palisade Wall x1 |
| 8:31 | maxymczech · wall_segment Palisade Wall x1 |
| 8:35 | maxymczech · wall_segment Palisade Wall x1 |
| 8:42 | maxymczech · wall_segment Palisade Wall x1 |
| 8:45 | maxymczech · wall_segment Palisade Wall x1 |
| 8:49 | maxymczech · wall_segment Palisade Wall x1 |
| 9:33 | maxymczech · first_building Barracks |
| 9:49 | GANZ · age_up feudal |
| 9:52 | GANZ · first_building Archery Range |
| 9:53 | maxymczech · wall_segment Palisade Wall x1 |
| 9:54 | maxymczech · wall_segment Palisade Wall x1 |
| 9:55 | maxymczech · wall_segment Palisade Wall x1 |
| 9:56 | maxymczech · wall_segment Palisade Wall x1 |
| 9:56 | maxymczech · wall_segment Palisade Wall x1 |
| 9:57 | maxymczech · wall_segment Palisade Wall x1 |
| 9:59 | maxymczech · wall_segment Palisade Wall x1 |
| 10:03 | maxymczech · wall_segment Palisade Wall x1 |
| 10:04 | maxymczech · wall_segment Palisade Wall x1 |
| 10:05 | maxymczech · wall_segment Palisade Wall x1 |
| 10:08 | maxymczech · wall_segment Palisade Wall x1 |
| 10:09 | maxymczech · wall_segment Palisade Wall x1 |
| 10:09 | maxymczech · wall_segment Palisade Wall x1 |
| 10:10 | maxymczech · wall_segment Palisade Wall x1 |
| 10:40 | maxymczech · wall_segment Palisade Wall x1 |
| 10:41 | maxymczech · wall_segment Palisade Wall x1 |
| 10:58 | maxymczech · age_up feudal |
| 11:41 | maxymczech · wall_segment Palisade Wall x1 |
| 11:42 | maxymczech · wall_segment Palisade Wall x1 |
| 13:24 | maxymczech · first_market_buy 100 stone |
| 13:35 | maxymczech · wall_segment Palisade Wall x1 |
| 13:43 | maxymczech · wall_segment Palisade Wall x1 |
| 13:56 | maxymczech · first_building Archery Range |
| 15:20 | GANZ · wall_segment Palisade Wall x3 |
| 15:21 | GANZ · wall_segment Palisade Wall x2 |
| 15:22 | GANZ · wall_segment Palisade Wall x1 |
| 15:22 | GANZ · wall_segment Palisade Wall x1 |
| 15:23 | GANZ · wall_segment Palisade Wall x1 |
| 15:24 | GANZ · wall_segment Palisade Wall x1 |
| 20:14 | maxymczech · first_market_sell 100 wood |
| 21:48 | GANZ · first_market_sell 100 wood |
| 21:49 | GANZ · first_market_buy 100 food |
| 22:59 | maxymczech · wall_segment Palisade Wall x2 |
| 24:35 | GANZ · age_up castle |
| 24:49 | maxymczech · first_building Stable |
| 25:19 | maxymczech · age_up castle |
| 26:24 | GANZ · first_building Castle |
| 34:42 | maxymczech · first_building Castle |
| 38:25 | maxymczech · first_building Siege Workshop |
| 42:12 | GANZ · first_building Siege Workshop |
| 42:42 | maxymczech · age_up imperial |
| 42:52 | GANZ · resign |
[ AI ANALYSIS · 1 CREDIT ]
What really happened in this match?
Wolo.gg analyzes every decision: build order, eco, micro, common mistakes by bracket. Personalized analysis on WhatsApp or Discord in 30 seconds.
Civ guide
Vietnamese
Perfil
maxymczech